 Dungeon Crawl Stone Soup version 0.27-a0-1188-g73eefd5def (webtiles) character file.

Game seed: 4939186812026229819

25009 deadleaves the Eclecticist (level 12, -1/59 HPs)
             Began as a Deep Elf Summoner on May 22, 2021.
             Was an Elder of Vehumet.
             Slain by an anaconda (13 damage)
             ... on level 6 of the Lair of Beasts.
             The game lasted 01:34:33 (19095 turns).

deadleaves the Eclecticist (Deep Elf Summoner)     Turns: 19095, Time: 01:34:34

Health: -1/59      AC: 10    Str:  5    XL:     12   Next: 85%
Magic:  24/34      EV: 20    Int: 26    God:    Vehumet [****..]
Gold:   1526       SH:  0    Dex: 15    Spells: 16/43 levels left

rFire    . . .     SeeInvis .   G - +10 long sword of Discord {flame, rCorr}
rCold    . . .     Faith    +   (no shield)
rNeg     . . .     Spirit   .   w - +0 steam dragon scales
rPois    .         Reflect  .   b - +0 helmet
rElec    .         Harm     .   (no cloak)
rCorr    +         Rampage  .   f - +0 pair of gloves
Will     +....                  d - +2 pair of boots
Stlth    +++.......             P - amulet of faith
HPRegen  0.19/turn              u - +4 ring of evasion
MPRegen  0.24/turn              y - +4 ring of evasion

@: constricted
A: no striking features
a: Renounce Religion


You were on level 6 of the Lair of Beasts.
You worshipped Vehumet.
Vehumet was greatly pleased with you.
You visited 2 branches of the dungeon, and saw 14 of its levels.
You also visited: Sewer.

You collected 1526 gold pieces.

Inventory:

Hand Weapons
 c - a +3 dagger of venom
 h - a +2 dagger of electrocution
 G - the +10 long sword of Discord (weapon) {flame, rCorr}
   (You took it off a crimson imp on level 8 of the Dungeon)

   It has been specially enchanted to burn those struck by it, causing extra
   injury to most foes and up to half again as much damage against particularly
   susceptible opponents.
   Big, fiery blades are also staple armaments of hydra-hunters.
   It protects you from acid and corrosion.
Missiles
 v - a throwing net
Armour
 a - a +0 robe
 b - a +0 helmet (worn)
 d - a +2 pair of boots (worn)
 f - a +0 pair of gloves (worn)
 w - +0 steam dragon scales (worn)
Magical Staves
 F - a staff of earth
Jewellery
 g - a ring of protection from cold
 s - an amulet of regeneration
 u - a +4 ring of evasion (left hand)
 y - a +4 ring of evasion (right hand)
 B - a ring of positive energy
 J - a ring of wizardry
 M - a ring of willpower
 O - a ring of protection from cold
 P - an amulet of faith (around neck)
 R - a ring of flight
Wands
 l - a wand of flame (30)
 x - a wand of digging (4)
 A - a wand of polymorph (14)
 E - a wand of charming (6)
 S - a wand of paralysis (6)
Scrolls
 e - a scroll of torment
 i - 3 scrolls of vulnerability {unknown}
 k - 2 scrolls of enchant weapon
 n - 4 scrolls of fear
 o - 2 scrolls of holy word {unknown}
 q - 3 scrolls of immolation
 z - 2 scrolls of teleportation {unknown}
 D - a scroll of enchant armour {unknown}
Potions
 j - a potion of attraction {unknown}
 m - a potion of haste
 p - a potion of heal wounds
 r - 3 potions of lignification
 C - a potion of resistance
 H - 3 potions of invisibility
 L - 5 potions of curing
Miscellaneous
 I - a condenser vane
 K - a phantom mirror
 N - a tin of tremorstones (2/2)


   Skills:
 - Level 5.5 Long Blades
 - Level 6.3 Dodging
 - Level 6.2 Stealth
 - Level 16.0 Spellcasting
 - Level 11.0 Conjurations
 - Level 6.6 Hexes
 + Level 10.7 Summonings
 - Level 5.5 Ice Magic


You had 16 spell levels left.
You knew the following spells:

 Your Spells              Type           Power      Damage    Failure   Level
a - Summon Small Mammal   Summ           100%       N/A       1%          1
b - Call Imp              Summ           67%        N/A       1%          2
c - Summon Ice Beast      Ice/Summ       58%        N/A       1%          4
d - Summon Guardian Gole  Hex/Summ       60%        N/A       1%          3
e - Magic Dart            Conj           100%       1d8       1%          1
f - Fulminant Prism       Conj/Hex       30%        3d16      1%          4
g - Dazzling Flash        Conj/Hex       100%       N/A       1%          3
h - Poisonous Vapours     Pois/Air       40%        N/A       1%          2
i - Ignite Poison         Fire/Tmut/Pois 20%        N/A       2%          3
j - Hailstorm             Conj/Ice       59%        3d13      1%          4

Your spell library contained the following spells:

 Spells                   Type           Power      Damage    Failure   Level
 Shock                    Conj/Air       100%       1d9       1%          1
 Searing Ray              Conj           100%       3d7       1%          2
 Static Discharge         Conj/Air       49%        N/A       1%          2
 Call Canine Familiar     Summ           67%        N/A       1%          3
 Iskenderun's Mystic Bla  Conj/Tloc      49%        2d11      1%          4
 Lightning Bolt           Conj/Air       24%        1d40      1%          5
 Summon Lightning Spire   Summ/Air       48%        N/A       2%          4
 Airstrike                Air            10%        N/A       7%          4
 Swiftness                Air            20%        N/A       8%          3


Dungeon Overview and Level Annotations

Branches:
Dungeon (8/15)             Temple (0/1) D:7            Lair (6/6) D:8
  Swamp (0/4) Lair:4        Snake (0/4) Lair:3        Slime (0/5) Lair:5
  Sewer (visited)

Altars:
Ashenzari
Elyvilon
Fedhas
Hepliaklqana
Kikubaaqudgha
Makhleb
Sif Muna
Trog
Uskayaw
Vehumet
Wu Jian
Yredelemnul
The Shining One

Shops:
D:5 !


Message History

The anaconda closely misses you. x2
The anaconda closely misses you.
You riposte.
You barely miss the anaconda.
The anaconda is heavily wounded.
The anaconda barely misses you. The anaconda closely misses you.
The anaconda misses you.
Things that are here:
a black bear corpse; a hell hound corpse The anaconda closely misses you.
The anaconda misses you. The anaconda closely misses you.
The anaconda barely misses you. The anaconda misses you.
The anaconda bites you but does no damage.
The anaconda completely misses you.
You riposte.
You slash the anaconda! You burn the anaconda!
The anaconda is almost dead.
The anaconda misses you.
You see here a black bear corpse.
The anaconda misses you.
You riposte.
You closely miss the anaconda.
The anaconda is almost dead.
The anaconda closely misses you. The anaconda misses you.
You riposte.
You barely miss the anaconda.
The anaconda is almost dead.
The anaconda bites you!
* * * LOW HITPOINT WARNING * * *
Okay, then.
The anaconda grabs you. The anaconda barely misses you.
* * * LOW HITPOINT WARNING * * *
The anaconda constricts you.
You feel much better. The anaconda bites you! The anaconda constricts you.
Your ice beast hits the anaconda but does no damage.
The anaconda bites you but does no damage.
* * * LOW HITPOINT WARNING * * *
The anaconda constricts you.
The anaconda's grasp on you weakens, but your attempt to escape fails.
The anaconda closely misses you.
* * * LOW HITPOINT WARNING * * *
The anaconda constricts you.
Your ice beast misses the anaconda.
Casting: Summon Ice Beast (dangerous; 1% risk of failure)
Confirm with . or Enter, or press ? or * to list all spells.
A chill wind blows around you. The anaconda bites you!
You die...

######..†#...........§§........#.
####...........##..##Y...#.#
##.........########.....##
##..........##...##.#Y...#.
######.....†......(....###....#P
##.##...................##.....##
..............Y.........##.......
...............S.......÷##.<....#
................@...÷..÷†......##
................Y.#.##..P.....###
....................#.#..#....###
...................###...........
.................................
...............###............##'
..................###.........#..
.....#..+....#.<.....##...#...#.8
#<..###..#####........#.###......


You could see an anaconda (ally target) and 2 friendly ice beasts.

Vanquished Creatures
  A hydra (Lair:1)
  A boulder beetle (Lair:6)
  6 death yaks (Lair:6)
  5 elephants
  3 black mambas
  A torpor snail (Lair:5)
  3 cane toads
  2 komodo dragons
  A wyvern (Lair:3)
  25 yaks
  A steam dragon (D:8)
  2 hell hounds (Lair:6)
  9 water moccasins
  2 black bears (Lair:6)
  A hornet zombie (D:8)
  An ice beast (D:7)
  11 wolves
  3 bullfrogs
  2 scorpions (D:5)
  2 killer bees (D:7)
  An electric eel (Lair:4)
  A howler monkey (D:4)
  7 crimson imps (D:8)
  A hound (D:5)
  An iguana (D:6)
  An orc wizard (D:6)
  4 hell rats
  2 adders
  A shadow imp (D:8)
  A white imp (D:8)
  An ufetubus (D:5)
  2 worms
  3 dart slugs (D:4)
  5 orcs
  6 ball pythons
  2 bats (D:1)
  4 endoplasms
  5 giant cockroaches
  3 goblins
  4 hobgoblins
  A jackal (Sewer)
  10 kobolds
  5 quokkas
  5 frilled lizards
  6 rats
164 creatures vanquished.

Vanquished Creatures (collateral kills)
  A hydra (Lair:6)
  2 death yaks (Lair:6)
  2 elephants (Lair:6)
  A black mamba (Lair:6)
  4 cane toads
  A rime drake (Lair:4)
  3 komodo dragons
  11 yaks
  4 wyverns
  A basilisk (Lair:5)
  3 nagas (Lair:3)
  Edmund (D:5)
  5 water moccasins
  Duvessa (D:6)
  3 sky beasts
  2 orc warriors
  An ice beast (D:6)
  2 black bears
  2 necrophages (D:6)
  A wolf (Lair:1)
  2 ogres
  A centaur (D:8)
  A kobold brigand (D:5)
  6 bullfrogs
  A wyvern zombie (D:8)
  A scorpion (D:4)
  4 killer bees (D:7)
  5 wights (D:6)
  A hound (D:5)
  4 orc priests
  A centaur zombie (D:5)
  An iguana (D:5)
  A hell rat (Lair:6)
  6 orc wizards
  A nameless horror (D:5)
  A gnoll (D:1)
  6 adders
  2 worms (D:3)
  A dart slug (D:3)
  16 orcs
  2 giant cockroaches (D:4)
  A jackal (Sewer)
  A quokka (D:4)
  3 goblins
  8 kobolds
  A rat (D:5)
129 creatures vanquished.

Vanquished Creatures (others)
  2 death yaks (Lair:6)
  A black mamba (Lair:6)
  3 elephants (Lair:5)
  A cane toad (Lair:3)
  A komodo dragon (Lair:3)
  3 polar bears
  A yak (Lair:6)
  A warg (Lair:6)
  A water moccasin (Lair:5)
  3 wolves (Lair:5)
  A scorpion (D:6)
  Dowan (D:6)
  51 fulminant prisms
  35 fungi
  63 plants
168 creatures vanquished.

Grand Total: 461 creatures vanquished

Notes
Turn   | Place    | Note
-------+----------+-------------------------------------------
     0 | D:1      | deadleaves the Deep Elf Summoner began the quest for the
                  | Orb.
     0 | D:1      | Reached XP level 1. HP: 10/10 MP: 6/6
   663 | D:1      | Reached XP level 2. HP: 13/15 MP: 8/8
   841 | D:1      | Learned a level 2 spell: Call Imp
  1813 | D:2      | Reached XP level 3. HP: 16/19 MP: 6/9
  3236 | D:3      | Found a faded altar of an unknown god.
  3470 | D:3      | Reached XP level 4. HP: 16/24 MP: 4/10
  3851 | D:3      | Reached skill level 5 in Dodging
  4153 | D:4      | Learned a level 4 spell: Summon Ice Beast
  4329 | D:4      | Found a glowing drain.
  4333 | Sewer    | Entered a sewer
  4346 | Sewer    | Reached skill level 1 in Ice Magic
  4444 | Sewer    | Noticed a water moccasin
  4454 | Sewer    | Killed a water moccasin
  4455 | Sewer    | Reached XP level 5. HP: 2/28 MP: 3/11
  4706 | D:4      | Noticed an ogre
  4733 | D:4      | Killed an ogre
  4957 | D:4      | Reached skill level 5 in Summonings
  4957 | D:4      | Reached XP level 6. HP: 32/32 MP: 7/13
  5313 | D:5      | Entered Level 5 of the Dungeon
  5313 | D:5      | Found Fipraxu's Distillery.
  5360 | D:5      | Reached skill level 4 in Spellcasting
  5412 | D:5      | Reached skill level 5 in Ice Magic
  5473 | D:5      | Reached XP level 7. HP: 36/36 MP: 9/15
  5661 | D:5      | Noticed Edmund
  5682 | D:5      | Killed Edmund
  5683 | D:5      | Reached skill level 5 in Spellcasting
  5858 | D:5      | Found a burning altar of Makhleb.
  5864 | D:5      | Found a basalt altar of Yredelemnul.
  5866 | D:5      | Found a glowing golden altar of the Shining One.
  5868 | D:5      | Found an ornate altar of the Wu Jian Council.
  5870 | D:5      | Found a radiant altar of Vehumet.
  5870 | D:5      | Found a broken altar of Ashenzari.
  5870 | D:5      | Found a white marble altar of Elyvilon.
  5870 | D:5      | Found a hide-covered altar of Uskayaw.
  5871 | D:5      | Found a blossoming altar of Fedhas.
  5872 | D:5      | Found a hazy altar of Hepliaklqana.
  5873 | D:5      | Found an ancient bone altar of Kikubaaqudgha.
  5874 | D:5      | Found a shimmering blue altar of Sif Muna.
  5875 | D:5      | Found a bloodstained altar of Trog.
  5885 | D:5      | Became a worshipper of Vehumet
  6215 | D:5      | Reached skill level 6 in Spellcasting
  6659 | D:6      | Reached skill level 7 in Spellcasting
  6698 | D:6      | Learned a level 3 spell: Summon Guardian Golem
  6797 | D:6      | Reached skill level 1 in Hexes
  6935 | D:6      | Reached XP level 8. HP: 41/41 MP: 4/21
  7058 | D:6      | Identified the +4 war axe "Enlux" {antimagic, Will+ Str+2}
  7627 | D:6      | Noticed Dowan
  7635 | D:6      | Noticed Duvessa
  7648 | D:6      | Killed Duvessa
  7654 | D:6      | Killed Dowan
  7655 | D:6      | Reached skill level 5 in Stealth
  8109 | D:7      | Found a staircase to the Ecumenical Temple.
  8284 | D:7      | Learned a level 1 spell: Magic Dart
  8289 | D:7      | Learned a level 4 spell: Fulminant Prism
  8293 | D:7      | Learned a level 3 spell: Dazzling Flash
  8514 | D:7      | Reached skill level 1 in Conjurations
  9236 | D:8      | Reached * piety under Vehumet
  9236 | D:8      | Offered knowledge of Foxfire by Vehumet.
  9237 | D:8      | Reached XP level 9. HP: 45/45 MP: 14/22
  9328 | D:8      | Reached skill level 5 in Hexes
  9530 | D:8      | Identified the +10 long sword of Discord {flame, rCorr}
  9699 | D:8      | Noticed a death yak
  9711 | D:8      | Noticed a death yak
  9826 | D:8      | Noticed a death yak
 10006 | D:8      | Found a staircase to the Lair.
 10019 | Lair:1   | Entered Level 1 of the Lair of Beasts
 10133 | Lair:1   | Noticed a komodo dragon
 10167 | Lair:1   | Killed a komodo dragon
 10168 | Lair:1   | Reached skill level 5 in Conjurations
 10393 | Lair:1   | Noticed a black mamba
 10401 | Lair:1   | Killed a black mamba
 10847 | Lair:1   | Noticed a cane toad
 10856 | Lair:1   | Killed a cane toad
 10857 | Lair:1   | Reached XP level 10. HP: 50/50 MP: 12/23
 10925 | Lair:1   | Noticed a seven-headed hydra
 10953 | Lair:1   | Killed a seven-headed hydra
 11156 | Lair:1   | Noticed a black mamba
 11166 | Lair:1   | Killed a black mamba
 11166 | Lair:1   | Reached ** piety under Vehumet
 11167 | Lair:1   | Reached skill level 10 in Conjurations
 11436 | Lair:1   | Offered knowledge of Sandblast by Vehumet.
 12172 | Lair:2   | Reached skill level 1 in Long Blades
 12654 | Lair:3   | Noticed a cane toad
 12667 | Lair:3   | Killed a cane toad
 12669 | Lair:3   | Noticed a cane toad
 12843 | Lair:3   | Killed a cane toad
 13037 | Lair:3   | Noticed a cane toad
 13045 | Lair:3   | Killed a cane toad
 13363 | Lair:3   | Reached skill level 5 in Long Blades
 13790 | Lair:3   | Found a staircase to the Snake Pit.
 14300 | Lair:4   | Reached skill level 8 in Spellcasting
 14301 | Lair:4   | Reached XP level 11. HP: 18/54 MP: 2/25
 14660 | Lair:4   | Found a staircase to the Swamp.
 15041 | Lair:4   | Reached skill level 9 in Spellcasting
 16101 | Lair:5   | Reached skill level 10 in Spellcasting
 16136 | Lair:5   | Offered knowledge of Poisonous Vapours by Vehumet.
 16221 | Lair:5   | Learned a level 2 spell: Poisonous Vapours
 16328 | Lair:5   | Found a staircase to the Slime Pits.
 16483 | Lair:5   | Reached skill level 11 in Spellcasting
 16653 | Lair:5   | Reached skill level 12 in Spellcasting
 16659 | Lair:5   | Reached *** piety under Vehumet
 17024 | Lair:6   | Entered Level 6 of the Lair of Beasts
 17046 | Lair:6   | Reached skill level 13 in Spellcasting
 17048 | Lair:6   | Noticed a death yak
 17049 | Lair:6   | Noticed a death yak
 17297 | Lair:6   | Noticed a death yak
 17297 | Lair:6   | Noticed a death yak
 17298 | Lair:6   | Noticed a death yak
 17306 | Lair:6   | Killed a death yak
 17307 | Lair:6   | Killed a death yak
 17308 | Lair:6   | Reached skill level 14 in Spellcasting
 17309 | Lair:6   | Killed a death yak
 17310 | Lair:6   | Reached XP level 12. HP: 44/59 MP: 15/32
 17313 | Lair:6   | Killed a death yak
 17313 | Lair:6   | Offered knowledge of Ignite Poison by Vehumet.
 17313 | Lair:6   | Killed a death yak
 17314 | Lair:6   | Reached skill level 15 in Spellcasting
 17340 | Lair:6   | Learned a level 3 spell: Ignite Poison
 17405 | Lair:6   | Noticed a boulder beetle
 17420 | Lair:6   | Killed a boulder beetle
 17628 | Lair:6   | Noticed a boulder beetle
 17630 | Lair:6   | Noticed a six-headed hydra
 17807 | Lair:6   | Reached skill level 16 in Spellcasting
 17946 | Lair:6   | Identified a scroll of acquirement
 17947 | Lair:6   | Acquired 808 gold pieces
 18010 | Lair:6   | Killed a six-headed hydra
 18010 | Lair:6   | Reached **** piety under Vehumet
 18365 | Lair:6   | Noticed a death yak
 18374 | Lair:6   | Noticed a death yak
 18375 | Lair:6   | Noticed a death yak
 18375 | Lair:6   | Noticed a death yak
 18376 | Lair:6   | Noticed a death yak
 18390 | Lair:6   | Killed a death yak
 18390 | Lair:6   | Killed a death yak
 18671 | Lair:6   | Offered knowledge of Hailstorm by Vehumet.
 18697 | Lair:6   | Learned a level 4 spell: Hailstorm
 18870 | Lair:6   | Killed a death yak
 18872 | Lair:6   | Killed a death yak
 18873 | Lair:6   | Reached skill level 10 in Summonings
 18876 | Lair:6   | Killed a death yak
 19068 | Lair:6   | Noticed an anaconda
 19095 | Lair:6   | Slain by an anaconda

Illustrated notes

Levels and vault maps discovered:
D:1:      lemuel_arrival_behind_the_door_large, layout_loops_corners,
          kennysheep_pointless_box
D:2:      layout_loops_ring
D:3:      layout_loops_ring, ebering_ecumenical_altar_abandoned,
          saegor_snake_ambush
D:4:      layout_basic, gup_sewer_entry_spiral
D:5:      layout_rooms, minitemple, serial_shops, shop, lexackson_kobold_supper,
          uniq_edmund
D:6:      layout_basic, uniq_duvessa
D:7:      layout_basic, temple_fountains, eino_jars
D:8:      layout_rooms, dpeg_lair_monsters, minmay_nine_imps
Lair:1:   layout_cave_pods, grunt_megastairs_5
Lair:2:   layout_roguey, hangedman_lair_unloving_vines
Lair:3:   layout_small_grid, minmay_snake_entry_guardpost_small
Lair:4:   layout_hall_layers, swamp_mist_pool, grunt_megastairs_3
Lair:5:   layout_gridlike, slime_dummy, grunt_megastairs_1
Lair:6:   hangedman_lair_caniforms_friends, layout_regular_city,
          grunt_megastairs_4

Skill      XL: |  1  2  3  4  5  6  7  8  9 10 11 12 |
---------------+-------------------------------------+-----
Dodging        | 3 4 5 6 |  6.3
Ice Magic      | 2 4 5 |  5.5
Summonings     | 5 6 10 | 10.7
Spellcasting   | 4 7 8 14 16 | 16.0
Hexes          | 2 4 6 |  6.6
Stealth        | 6 |  6.2
Conjurations   | 3 9 11 | 11.0
Long Blades    | 5 |  5.5

Action                   |  1- 3 |  4- 6 |  7- 9 | 10-12 || total
-------------------------+-------+-------+-------+-------++-------
Melee: Dagger            |    73 |    61 |    86 |       ||   220
       Unarmed           |     2 |       |       |       ||     2
       Long sword        |       |       |    40 |   115 ||   155
 Cast: Summon Small Mamm |    12 |       |     1 |       ||    13
       Call Imp          |    26 |    33 |    25 |     6 ||    90
       Summon Ice Beast  |       |     3 |    94 |   133 ||   230
       Summon Guardian G |       |       |     7 |    19 ||    26
       Fulminant Prism   |       |       |    13 |    38 ||    51
       Magic Dart        |       |       |    12 |    10 ||    22
       Dazzling Flash    |       |       |       |     1 ||     1
       Poisonous Vapours |       |       |       |     6 ||     6
       Hailstorm         |       |       |       |     2 ||     2
  Use: Scroll            |       |     5 |     7 |     5 ||    17
       Potion            |       |     1 |       |     1 ||     2
 Stab: Sleeping          |    10 |     3 |     6 |     1 ||    20
       Distracted        |       |       |     1 |     1 ||     2
Armor: Robe              |    19 |    11 |    29 |       ||    59
       Steam dragon scal |       |       |     6 |    30 ||    36
Dodge: Dodged            |    41 |    32 |   155 |   141 ||   369
       Rpst.: Long sword |       |       |    15 |    42 ||    57

Table legend: (Time is in decaauts)
 A = Elapsed time spent in this place.
 B = Non-inter-level travel time spent in this place.
 C = Inter-level travel time spent in this place.
 D = Time resting spent in this place.
 E = Time spent auto-exploring this place.
 F = Levels seen in this place.
 G = Mean time per level.
                   A        B        C        D        E       F      G
               +--------+--------+--------+--------+--------+-----+--------+
         Total |  19206 |  18783 |    423 |   4146 |  10375 |  15 | 1280.4 |
       Dungeon |   9796 |   9566 |    230 |   1092 |   6172 |   8 | 1224.5 |
          Lair |   9110 |   8917 |    193 |   3018 |   4064 |   6 | 1518.3 |
         Sewer |    299 |    299 |      0 |     36 |    138 |   1 |  299.0 |
               +--------+--------+--------+--------+--------+-----+--------+

Top non-repeatable levels by time:
     D:1: 1806 daAuts
  Lair:1: 1777 daAuts
  Lair:5: 1681 daAuts
  Lair:4: 1619 daAuts
     D:6: 1599 daAuts
  Lair:6: 1563 daAuts
  Lair:3: 1460 daAuts
     D:3: 1406 daAuts
     D:5: 1146 daAuts
  Lair:2: 1008 daAuts
     D:7: 1003 daAuts
     D:8: 962 daAuts
     D:2: 946 daAuts
     D:4: 925 daAuts
   Sewer: 299 daAuts
